[Event "Snabb-SM för veteraner, 50+ 2019"]
[Site "Schackcentrum, Vegagatan 20, Gothenburg, Sweden"]
[Date "2019.10.06"]
[Round "9.10"]
[White "Andersson, Kjell-Ake"]
[Black "Ansner, Bjorn"]
[Result "1-0"]
[TimeControl "15 minutes + 10 seconds per move from move one"]
[WhiteFideId "1713825"]
[BlackFideId "1702769"]
[WhiteElo "1854"]
[BlackElo "1934"]

1. d4 d5 2. c4 e6 3. Nc3 f5 4. Nf3 c6 5. Bg5 Be7 6. Bxe7 Qxe7 7. e3 Nf6 8. Be2 O-O 9. O-O Nbd7 10.
Rb1 Ne4 11. Qc2 b6 12. b4 Bb7 13. b5 c5 14. dxc5 Ndxc5 15. Rbd1 Rfd8 16. a4 Rac8 17. Nxe4 Nxe4 18. Qb3 Rc5 19.
Nd4 Rdc8 20. cxd5 Bxd5 21. Qa3 Nc3 22. Rc1 Qg5 23. g3 Qe7 24. Bd3 Qd6 25. Rxc3 1-0

[Event "Snabb-SM för veteraner, 50+ 2019"]
[Site "Schackcentrum, Vegagatan 20, Gothenburg, Sweden"]
[Date "2019.10.06"]
[Round "9.11"]
[White "Jacobsson, Lennart"]
[Black "Kirppo, Ronny"]
[Result "1/2-1/2"]
[TimeControl "15 minutes + 10 seconds per move from move one"]
[WhiteFideId "1753320"]
[BlackFideId "1724681"]
[WhiteElo "1833"]
[BlackElo "1877"]

1. e4 c5 2. Nf3 Nc6 3. c3 Nf6 4. Bd3 g6 5. O-O Bg7 6. Bc2 O-O 7. d4 cxd4 8. cxd4 d5 9. e5 Ne4 10.
Re1 Bg4 11. Be3 Rc8 12. h3 Be6 13. a3 f6 14. exf6 exf6 15. Nbd2 Nxd2 16. Qxd2 Qd7 17. Kh2 Rfe8 18. Bh6 Bf5 19.
Bb3 Be6 20. Bf4 Bf7 21. Ba4 Bf8 22. b4 Bd6 23. Bxd6 Qxd6+ 24. Kg1 Re4 25. Bc2 Ree8 26. Bd3 Rxe1+ 27. Rxe1 Re8 28. Rc1 Kg7 29. Qc2 a6 30. Qc3 Re7 31. Qd2 Be8 32.
Qa2 Bd7 33. Qd2 Be8 34. Rc5 Bd7 35. Qa2 Be6 36. Qc2 Bf7 37. Qd2 Rc7 38. Qe2 Re7 39. Qc2 Rc7 40. Qc1 Be8 41. h4 Bf7 42.
Rc2 Re7 43. Qd2 Rc7 44. Rc1 Re7 45.
g3 Be8 46. Bf1 Bd7 47. Bg2 Bf5 48.
Nh2 Be4 49. f3 Bf5 50. Kf2 h6 51. Nf1 g5 52. Ne3 Bg6 53. hxg5 hxg5 54. Rh1 1/2-1/2

[Event "Snabb-SM för veteraner, 50+ 2019"]
[Site "Schackcentrum, Vegagatan 20, Gothenburg, Sweden"]
[Date "2019.10.06"]
[Round "10.1"]
[White "Svenn, Gosta"]
[Black "Svenn, Matti"]
[Result "1/2-1/2"]
[TimeControl "15 minutes + 10 seconds per move from move one"]
[WhiteTitle "FM"]
[WhiteFideId "1700553"]
[BlackFideId "1705091"]
[WhiteElo "2272"]
[BlackElo "2195"]

1. d4 d5 2. c4 e6 3. Nc3 Be7 4. Nf3 Nf6 5. cxd5 exd5 6. Bg5 h6 7. Bh4 O-O 8. e3 Nbd7 9. Bd3 b6 10.
O-O Bb7 11. a3 c5 12. Rc1 Ne4 13. Bxe7 1/2-1/2

[Event "Snabb-SM för veteraner, 50+ 2019"]
[Site "Schackcentrum, Vegagatan 20, Gothenburg, Sweden"]
[Date "2019.10.06"]
[Round "10.2"]
[White "Holst, Conny"]
[Black "Eriksson, Kristian"]
[Result "1/2-1/2"]
[TimeControl "15 minutes + 10 seconds per move from move one"]
[WhiteFideId "1701428"]
[BlackFideId "1705172"]
[WhiteElo "2166"]
[BlackElo "2025"]

1. d4 Nf6 2. c4 e6 3. Nc3 Bb4 4. e3 c5 5. Bd3 Nc6 6. Nf3 Bxc3+ 7. bxc3 d6 8. O-O e5 9. d5 Ne7 10.
Ng5 h6 11. Ne4 Nxe4 12. Bxe4 f5 13. Bd3 O-O 14. f4 e4 15. Be2 Bd7 16. Bd2 Be8 17. Be1 Bg6 18. Bh4 Qd7 19. Bxe7 Qxe7 20.
Rb1 Qc7 21. h3 b6 22. Kh2 Qe7 23. Qe1 Qf6 24. g4 Kf7 25. Rg1 Rg8 26. a4 Rab8 27. Rb3 Ke7 28. Qg3 Kd7 29. Rgb1 Kc7 30.
gxf5 Bxf5 31. Bg4 g6 32. Rg1 a5 33. Bxf5 Qxf5 34. Qg4 Qf6 35. Ra3 Rbf8 36. Ra2 Qxc3 37. Qe6 Qxe3 38. Qe7+ Kc8 39.
Qe6+ Kc7 40. Qe7+ Kc8 41. Qe6+ 1/2-1/2

[Event "Snabb-SM för veteraner, 50+ 2019"]
[Site "Schackcentrum, Vegagatan 20, Gothenburg, Sweden"]
[Date "2019.10.06"]
[Round "10.3"]
[White "Svensson, Sven"]
[Black "Angskog, Kent"]
[Result "0-1"]
[TimeControl "15 minutes + 10 seconds per move from move one"]
[WhiteFideId "1709240"]
[BlackFideId "1703668"]
[WhiteElo "2158"]
[BlackElo "2136"]

1. d4 d6 2. Nf3 Nf6 3. c4 Bg4 4.
Nc3 Nc6 5. Bg5 e6 6. e3 Be7 7. Be2 O-O 8. O-O Nd7 9. Bxe7 Qxe7 10. h3 Bh5 11. a3 Nb6 12. Nd2 Bxe2 13. Qxe2 a5 14.
b3 f5 15. f4 e5 16. Nd5 Nxd5 17. cxd5 Nd8 18. dxe5 dxe5 19. Qc4 Nf7 20. Nf3 Nd6 21. Qc3 exf4 22. exf4 Ne4 23. Qe5 Qc5+ 24.
Qd4 Rad8 25. Rac1 Qxd4+ 26. Nxd4 Rxd5 27. Ne6 Rf7 28. Nxc7 Rd3 29. Ne6 Re7 0-1

[Event "Snabb-SM för veteraner, 50+ 2019"]
[Site "Schackcentrum, Vegagatan 20, Gothenburg, Sweden"]
[Date "2019.10.06"]
[Round "10.4"]
[White "Hautajarvi, Jukka"]
[Black "Andreasson, Ingvar"]
[Result "0-1"]
[TimeControl "15 minutes + 10 seconds per move from move one"]
[WhiteFideId "1716190"]
[BlackFideId "1700294"]
[WhiteElo "2145"]
[BlackElo "2413"]

1. Nf3 d6 2. e4 Nf6 3. Nc3 g6 4. h3 c5 5. Bc4 Bg7 6. d3 O-O 7. O-O Nc6 8. Re1 Nd7 9. Bb3 Rb8 10.
Bf4 b5 11. Qd2 Nd4 12. Nxd4 cxd4 13. Ne2 Nc5 14. Bh6 e5 15. Bxg7 Kxg7 16. c3 dxc3 17. bxc3 f5 18. Ng3 f4 19.
Nf1 f3 20. Re3 fxg2 21. Kxg2 Rf4 22. Rg3 Bb7 23. f3 Qf6 24. Ne3 Rf8 25. Bd5 Rxf3 26. Ng4 Rxg3+ 27. Kxg3 Qf4+ 28. Qxf4 exf4+ 29. Kf3 Bxd5 30. exd5 Nxd3 31. a4 h5 32. Nh2 Ne5+ 33. Ke4 Rc8 34. Kxf4 Rc4+ 35. Ke3 Rxc3+ 36. Kd2 b4 0-1

[Event "Snabb-SM för veteraner, 50+ 2019"]
[Site "Schackcentrum, Vegagatan 20, Gothenburg, Sweden"]
[Date "2019.10.06"]
[Round "10.5"]
[White "Andersson, Johan"]
[Black "Madebrink, Lars"]
[Result "1-0"]
[TimeControl "15 minutes + 10 seconds per move from move one"]
[WhiteFideId "1703935"]
[BlackFideId "1701347"]
[WhiteElo "2152"]
[BlackElo "2179"]

1. e4 e5 2. Nf3 Nc6 3. c3 d5 4. Qa4 f6 5. Bb5 Qd6 6.
exd5 Qxd5 7. d4 Bd7 8. O-O e4 9. c4 Qf5 10. Re1 O-O-O 11. Nh4 Qg4 12. d5 Nb8 13. Bxd7+ Rxd7 14. g3 Bc5 15.
Nc3 f5 16. Ng2 Nf6 17. Nf4 g5 18. Ne6 Qh3 19. Nxg5 Bxf2+ 20. Kh1 Qh5 21. Re2 Ng4 22. h3 Bxg3 23. Kg2 Be5 24. hxg4 Qxg4+ 25. Kf1 Bf4 26. Rg2 Qh4 27. Qc2 h6 28. Ne6 e3 29. Qe2 Qh1+ 30. Rg1 Qh3+ 31. Qg2 Qxg2+ 32. Rxg2 Bg5 33. Nxg5 hxg5 34. Bxe3 f4 35. Bd4 Rh1+ 36.
Rg1 Rdh7 37. Re1 Kd7 38. Re5 g4 39. Rg5 g3 40. Ne4 R7h2 41. Rg7+ Ke8 42. Nf6+ Kf8 43. Ng4 Rxg1+ 44. Kxg1 Rd2 45. Bc3 Rd3 46. Rh7 f3 47. Rh8+ Ke7 48. Bb4+ Kf7 49. Ne5+ Kg7 50. Nxd3 Kxh8 51. Ne5 f2+ 52. Kg2 Na6 53. Bc3 Kh7 54. Ng4 Nc5 55. Ne3 Ne4 56. Be5 Nd2 57.
b3 Kg6 58. Bxg3 c6 59. d6 1-0

[Event "Snabb-SM för veteraner, 50+ 2019"]
[Site "Schackcentrum, Vegagatan 20, Gothenburg, Sweden"]
[Date "2019.10.06"]
[Round "10.6"]
[White "Bergre, Joachim"]
[Black "Naslund, Mikael"]
[Result "1-0"]
[TimeControl "15 minutes + 10 seconds per move from move one"]
[BlackTitle "FM"]
[WhiteFideId "1704893"]
[BlackFideId "1708260"]
[WhiteElo "2035"]
[BlackElo "2076"]

1. Nf3 Nf6 2. c4 e6 3. b3 b6 4. g3 Bb7 5. Bg2 Be7 6. Bb2 O-O 7. O-O d5 8. cxd5 exd5 9. d4 c5 10. Nc3 Nc6 11. Rc1 Rc8 12.
Bh3 Rb8 13. e3 a6 14. dxc5 bxc5 15. Na4 Ne4 16. Nd2 Ng5 17. Bg2 Ne6 18. Nb1 d4 19. e4 Qa5 20. Na3 f5 21. Nc4 Qd8 22.
exf5 Rxf5 23. Qd3 Rf8 24. a3 Na5 25. Bxb7 Rxb7 26. Nxa5 Qxa5 27. Qe4 Rb6 28. Nxb6 Qxb6 29. Rce1 Ng5 30.
Qxe7 Nf3+ 31. Kg2 Qc6 32. Qe6+ 1-0

[Event "Snabb-SM för veteraner, 50+ 2019"]
[Site "Schackcentrum, Vegagatan 20, Gothenburg, Sweden"]
[Date "2019.10.06"]
[Round "10.7"]
[White "Wesslen, Ulf"]
[Black "Borvander, Tom"]
[Result "1-0"]
[TimeControl "15 minutes + 10 seconds per move from move one"]
[WhiteFideId "1705199"]
[BlackFideId "1707388"]
[WhiteElo "1971"]
[BlackElo "2066"]

1. d4 Nf6 2. c4 g6 3. Nc3 Bg7 4. e4 d6 5. f3 O-O 6.
Nge2 c5 7. Be3 Nc6 8. Qd2 Qa5 9. d5 Ne5 10. Ng3 h5 11. Bg5 Re8 12. f4 Ned7 13. Bd3 Nh7 14. Bh4 a6 15. O-O Rb8 16.
e5 Ndf8 17. f5 Bxe5 18. fxg6 fxg6 19. Kh1 b5 20. Qf2 Nf6 21. Rae1 Bd4 22. Qf4 bxc4 23. Bb1 Rxb2 24. Nce4 N8h7 25.
Nxf6+ Nxf6 26. Bxg6 Rf8 27. Qg5 Qd2 28. Bf7+ Kxf7 29. Qxh5+ Kg7 30. Rxe7+ 1-0

[Event "Snabb-SM för veteraner, 50+ 2019"]
[Site "Schackcentrum, Vegagatan 20, Gothenburg, Sweden"]
[Date "2019.10.06"]
[Round "10.8"]
[White "Frisk, Hans"]
[Black "Gamback, Bjorn"]
[Result "1-0"]
[TimeControl "15 minutes + 10 seconds per move from move one"]
[BlackTitle "CM"]
[WhiteFideId "1708570"]
[BlackFideId "1703161"]
[WhiteElo "1948"]
[BlackElo "2120"]

1. Nf3 c5 2. b3 Nc6 3. Bb2 d5 4. e3 Nf6 5. c4 d4 6. exd4 cxd4 7. d3 e5 8. g3 Bf5 9. Nh4 Bg4 10.
Be2 Bh3 11. Bf1 Qd7 12. Bxh3 Qxh3 13. Qf3 Bb4+ 14. Nd2 e4 15. dxe4 Ne5 16. Qe2 g5 17. Nf5 d3 18. Qe3 Nfg4 19.
Bxe5 Nxe3 20. fxe3 Qg2 21. O-O-O Bxd2+ 22. Rxd2 Qxh1+ 23. Rd1 Qxe4 24. Nd6+ Kd7 25. Nxe4 Rhd8 26. Rxd3+ Ke6 27. Rxd8 Rxd8 28. Bd4 Kf5 29.
Nc5 b6 30. Nd3 Ke4 31. Kd2 h6 32. Ke2 Kf5 33. h3 h5 34. Ne5 f6 35. Nc6 Rd7 36. Kd3 g4 37. h4 Ke6 38. b4 Kd6 39. b5 f5 40. a4 Ke6 41. a5 Kd6 42.
axb6 axb6 43. Bxb6 Rf7 44. Bd4 Rf8 45.
Ne5 Ra8 46. Kc3 Ra2 47. Nf7+ Ke6 48. Nd8+ Kd7 49. Nc6 Kc7 50. c5 Kb7 51. Kb4 Rg2 52. Be5 Re2 53. Bf4 Rb2+ 54. Kc4 Rd2 55.
Nd4 Rd1 56. Nxf5 Rc1+ 57. Kd5 Rb1 58. b6 Rd1+ 59. Nd4 Rc1 60. Kd6 Rc4 61. c6+ Kxb6 62. Kd7 Kc5 63. c7 Kd5 64. c8=Q Rxc8 65. Kxc8 Ke4 66. Kd7 Kd5 67.
Ke7 Ke4 68. Kf6 Kd3 69. Kg5 Ke4 70.
Kxh5 Kd5 71. Kg6 Kc5 72. h5 Kd5 73. h6 1-0

[Event "Snabb-SM för veteraner, 50+ 2019"]
[Site "Schackcentrum, Vegagatan 20, Gothenburg, Sweden"]
[Date "2019.10.06"]
[Round "10.9"]
[White "Sigeman, Johan"]
[Black "Andersson, Kjell-Ake"]
[Result "1-0"]
[TimeControl "15 minutes + 10 seconds per move from move one"]
[WhiteFideId "1705601"]
[BlackFideId "1713825"]
[WhiteElo "2100"]
[BlackElo "1854"]

1. c4 Nf6 2. Nc3 g6 3. g3 Bg7 4. Bg2 O-O 5. Nf3 d6 6. d4 Nc6 7. O-O a6 8. b3 Rb8 9. Nd5 b5 10.
Nxf6+ Bxf6 11. cxb5 axb5 12. Bh6 Re8 13. Rc1 Bd7 14. d5 Na7 15. Be3 Rb7 16. Bd4 c5 17. dxc6 Nxc6 18. Bxf6 exf6 19.
Qxd6 Re6 20. Qd2 Ra7 21. Rfd1 Qe7 22. Nd4 Nxd4 23. Qxd4 Qa3 24. Rc2 Qa6 25. e3 Be8 26. Qd8 Kg7 27. Bf1 Qa5 28. Qb8 Qb6 29. Rd8 Qxb8 30. Rxb8 Bc6 31. Bxb5 Bxb5 32. Rxb5 Rd6 33. a4 Rd1+ 34. Kg2 Rad7 35. a5 g5 36.
b4 g4 37. Rc4 Rb1 38. Rxg4+ Kf8 39. Rb8+ 1-0

[Event "Snabb-SM för veteraner, 50+ 2019"]
[Site "Schackcentrum, Vegagatan 20, Gothenburg, Sweden"]
[Date "2019.10.06"]
[Round "10.10"]
[White "Karlsson, Ulf"]
[Black "Moller, Mikael"]
[Result "1/2-1/2"]
[TimeControl "15 minutes + 10 seconds per move from move one"]
[WhiteFideId "1721674"]
[BlackFideId "1738461"]
[WhiteElo "2035"]
[BlackElo "1826"]

1. e4 c5 2. Nc3 Nc6 3. g3 g6 4.
Bg2 Bg7 5. d3 d6 6. f4 Nf6 7. Nge2 a6 8.
h3 Bd7 9. g4 h6 10. Ng3 b5 11. O-O b4 12. Nce2 a5 13. Rb1 Rb8 14. Be3 Qc7 15. Qd2 a4 16. c3 O-O 17. g5 hxg5 18.
f5 g4 19. h4 bxc3 20. bxc3 Rxb1 21. Rxb1 Rb8 22. Rxb8+ Qxb8 23. fxg6 fxg6 24. Nf4 Kh7 25. d4 cxd4 26. cxd4 Qb4 27. Qf2 a3 28. Nd3 Qb1+ 29. Ne1 Nb4 30.
Kh2 Qxa2 31. Qxa2 Nxa2 32. Nc2 Bb5 33. Nxa3 Bd3 34. e5 dxe5 35. dxe5 Nd7 36. Be4 Bxe4 37. Nxe4 Bxe5+ 38. Kg2 Nc3 39. Ng5+ Kg7 40. Nc4 Bf6 41.
Kg3 Nd5 42. Bd2 Ne5 43. Nxe5 Bxe5+ 1/2-1/2

[Event "Snabb-SM för veteraner, 50+ 2019"]
[Site "Schackcentrum, Vegagatan 20, Gothenburg, Sweden"]
[Date "2019.10.06"]
[Round "10.11"]
[White "Kirppo, Ronny"]
[Black "Sandgren, Per-Olov"]
[Result "1-0"]
[TimeControl "15 minutes + 10 seconds per move from move one"]
[WhiteFideId "1724681"]
[BlackFideId "1713884"]
[WhiteElo "1877"]
[BlackElo "1458"]

1. d4 Nf6 2. Nf3 d5 3. g3 g6 4.
Bg2 Bg7 5. c4 e6 6. O-O O-O 7. Nc3 b6 8. Ne5 Bb7 9. Bg5 Nbd7 10. Qd2 c5 11. cxd5 cxd4 12. Qxd4 Nxe5 13. Qxe5 Nxd5 14.
Nxd5 Qxd5 15. Qxg7+ Kxg7 16. Bxd5 Bxd5 17. b3 Rac8 18. Rac1 Rfe8 19. f3 h6 20. Bd2 Red8 21. Bc3+ Kh7 22.
Kf2 Bb7 23. Ke3 Rc6 24. Bf6 Rdc8 25. Rxc6 Rxc6 26. Rd1 Rc7 27. h4 Bd5 28. Kf4 Rd7 29. Rd2 Bc6 30. Rc2 Bb7 31. e4 a6 32.
b4 b5 33. Rc5 h5 34. g4 Kh6 35. Ke3 Kh7 36. a3 Kh6 37. g5+ Kh7 38. Be5 Kg8 39. Rc7 Rxc7 40. Bxc7 Kf8 41. Kd4 Ke8 42. Kc5 Kd7 43. Kb6 Bc8 44.
Be5 Ke8 45. Kc7 Bd7 46. Kb7 Kd8 47.
Kxa6 Kc8 48. Kb6 Be8 49. Kc5 Kb7 50. Kd6 Bc6 51. Ke7 f5 52. gxf6 1-0